cohdb
Replays
Latest Replays
All Replays
Popular Replays
Top Player Replays
Match Explorer
How It Works
Community
CoH3 Stats
Reddit
Sign in to upload your games and track your stats! →
Sign in with Steam
Match 25146128
Unlisted
Match 25146128
Overview
Messages
Build Orders
End
Vickers Machine Gun Team
Selects Air and Sea Battlegroup
Construct Section Command Post
Infantry Section
ML 3-inch Mortar Team
Infantry Section
Selects Supply Surplus
Construct Field Infirmary
Grenade Package
Construct Platoon Command Post
Construct Field Infirmary
Selects Commando Section Paradrop
Construct Company Command Post
Selects Commando LMG Section Paradrop
Commando LMG Section Paradrop
Unlock M3 Grant Medium Tanks
M3 Grant Medium Tank
M3 Grant Medium Tank
Armored Vehicle Training
Selects Centaur Medium Tank
Selects Naval Bombardment
bisivan1
MR.DOGO-YT
Eber
Wolfman_Ro
So
SnickleFritz
0
0
Comments
sign in to comment!
No comments posted yet!